 Dungeon Crawl Stone Soup version 0.23.0-3-gf3c87f2 (console) character file.

Game seed: 15888027466151678996

53 erker the Vexing (level 4, 0/34 HPs)
             Began as a Formicid Arcane Marksman on Feb 20, 2019.
             Succumbed to an adder's poison
             ... on level 3 of the Dungeon.
             The game lasted 00:11:31 (1686 turns).

erker the Vexing (Formicid Arcane Marksman)         Turns: 1686, Time: 00:11:31

Health: 0/34       AC:  5    Str: 16    XL:     4   Next: 11%
Magic:  5/5        EV: 17    Int: 17    God:
Gold:   39         SH:  0    Dex: 16    Spells: 4/5 levels left

rFire    . . .     SeeInvis +   h - +0 mace
rCold    . . .     Gourm    .   (no shield)
rNeg     . . .     Faith    .   m - +0 ring mail
rPois    .         Spirit   .   (helmet unavailable)
rElec    .         Reflect  .   (no cloak)
rCorr    .         Harm     .   (no gloves)
MR       .....                  (no boots)
Stlth    ++........             (no amulet)
HPRegen  0.11/turn              (no ring)
MPRegen  0.09/turn              (no ring)

@: brilliant, agile, lethally poisoned (0 -> -1)
A: permanent stasis, dig shafts and tunnels, four strong arms, antennae 3
a: Dig, Shaft Self


You were on level 3 of the Dungeon.
You were not hungry.

You visited 1 branch of the dungeon, and saw 3 of its levels.

You collected 39 gold pieces.

Inventory:

Hand Weapons
 a - a +0 hand crossbow
 h - a +0 mace (weapon)
 l - a +0 dagger
Missiles
 d - 19 bolts
Armour
 m - a +0 ring mail (worn)
Scrolls
 b - a scroll of amnesia
 g - 2 scrolls of identify
 j - a scroll of immolation
Comestibles
 f - 2 rations
 n - a chunk of flesh


   Skills:
 + Level 2.4 Fighting
 - Level 2.0 Crossbows
 + Level 2.5 Dodging
 - Level 1.1 Spellcasting
 + Level 4.3 Hexes


You had 4 spell levels left.
You knew the following spells:

 Your Spells              Type           Power        Failure   Level  Hunger
a - Corona                Hex            ####...      1%          1    ##.....

Your spell library contained the following spells:

 Spells                   Type           Power        Failure   Level  Hunger
 Slow                     Hex            ####....     1%          2    ###....
 Inner Flame              Hex/Fire       ###.....     6%          3    ####...
 Portal Projectile        Hex/Tloc       ###...       6%          3    ####...
 Cause Fear               Hex            ####......   8%          4    #####..
 Leda's Liquefaction      Hex/Erth       ###.......   17%         4    #####..


Dungeon Overview and Level Annotations

Branches:
Dungeon (3/15)

Altars:

Annotations:
D:2 Terence


Innate Abilities, Weirdness & Mutations

You cannot be hasted, slowed, berserked, paralysed or teleported.
You can dig through walls and to a lower floor.
Your four strong arms can wield two-handed weapons with a shield.
You have a pair of large antennae on your head. (SInv)


Message History

You open the door.
* * * LOW HITPOINT WARNING * * *
You feel sick.
Unknown command.
Unknown command.
Unknown command.
Unknown command.
Unknown command.
Unknown command.
There is an open door here.
Found a stone staircase leading down.
Unknown command.
Unknown command.
Unknown command.
You aren't carrying any potions.
Unknown command.
Unknown command.
Unknown command.
Unknown command.
You die...

###########'####+#####
.................#
#######..........#
#.........>#
#..........#
#...##'##### #...##.#
#...##.# #....#@#
#..#.#.# {#.. ..# {
.... ....# .###># ..
#.. #. ###


There were no monsters in sight!

Vanquished Creatures
  2 adders (D:3)
  A worm (D:3)
  3 dart slugs
  A leopard gecko (D:1)
  A giant cockroach (D:3)
  3 goblins (D:1)
  3 hobgoblins
  3 jackals (D:1)
  6 bats
  A kobold (D:1)
  4 rats
28 creatures vanquished.

Notes
Turn   | Place    | Note
-------+----------+-------------------------------------------
     0 | D:1      | erker the Formicid Arcane Marksman began the quest for the
                  | Orb.
     0 | D:1      | Reached XP level 1. HP: 15/15 MP: 2/2
   221 | D:1      | Reached XP level 2. HP: 21/21 MP: 3/3
   495 | D:1      | Reached skill level 4 in Hexes
   564 | D:1      | Reached XP level 3. HP: 15/27 MP: 4/4
  1020 | D:1      | You fall through a shaft!
  1020 | D:2      | Noticed Terence
  1661 | D:3      | Reached XP level 4. HP: 13/34 MP: 5/5
  1678 | D:3      | HP: 1/34 [poisoned by an adder]
  1686 | D:3      | Succumbed to an adder's poison

Skill      XL: |  1  2 |
---------------+-------+-----
Dodging        | 2 |  2.5
Hexes          | 4 |  4.3
Fighting       | 2 |  2.4
Crossbows      | |  2.0
Spellcasting   | |  1.1

Action                   |  1- 3 |  4- 6 || total
-------------------------+-------+-------++-------
Melee: Unarmed           |     8 |       ||     8
       Mace              |    86 |     2 ||    88
       Dagger            |     4 |       ||     4
 Fire: Hand crossbow     |    10 |       ||    10
 Cast: Corona            |     2 |       ||     2
 Abil: Shaft Self        |     1 |       ||     1
  Use: Scroll            |       |     4 ||     4
       Potion            |       |     3 ||     3
 Stab: Sleeping          |     1 |       ||     1
  Eat: Chunk             |     3 |       ||     3
Armor: Robe              |     9 |       ||     9
       Ring mail         |    64 |       ||    64
Dodge: Dodged            |   135 |     2 ||   137
